 Dungeon Crawl Stone Soup version 0.26.0-10-g1f06aea511 (webtiles) character file.

Game seed: 18152869426882427813

22707 tsouns the Thaumaturge (level 12, 0/107 HPs)
             Began as a Purple Draconian Earth Elementalist on Jan 22, 2021.
             Was an Elder of Vehumet.
             Slain by a seven-headed hydra (9 damage)
             ... on level 3 of the Lair of Beasts on Jan 26, 2021.
             The game lasted 00:41:59 (17711 turns).

tsouns the Thaumaturge (DrEE)                      Turns: 17711, Time: 00:41:59

Health: 0/107      AC: 14    Str: 11    XL:     12   Next: 65%
Magic:  0/27       EV: 12    Int: 19    God:    Vehumet [****..]
Gold:   656        SH:  5    Dex: 13    Spells: 18/33 levels left

rFire    . . .     SeeInvis .   t - +1 spear (venom)
rCold    . . .     Faith    .   (no shield)
rNeg     . . .     Spirit   .   (armour unavailable)
rPois    .         Reflect  +   (helmet restricted)
rElec    .         Harm     .   s - +2 cloak
rCorr    .         Rampage  .   f - +2 pair of gloves
Will     +....                  (no boots)
Stlth    +++.......             p - amulet of reflection
HPRegen  0.27/turn              C - ring of stealth
MPRegen  0.20/turn              H - +4 ring of slaying

@: no status effects
A: breathe power, unfitting armour, cold-blooded, AC +8
a: Breathe Dispelling Energy, Renounce Religion


You were on level 3 of the Lair of Beasts.
You worshipped Vehumet.
Vehumet was greatly pleased with you.
You visited 3 branches of the dungeon, and saw 15 of its levels.
You also visited: Ossuary.

You collected 831 gold pieces.
You spent 175 gold pieces at shops.

Inventory:

Hand Weapons
 t - a +1 spear of venom (weapon)
 z - a +4 spear
 A - a +3 halberd
 D - the +6 rapier of Darkness {venom, rPois}
   (You found it on level 7 of the Dungeon)

   It poisons the flesh of those it strikes.
   It protects you from poison.
 I - a +1 vampiric glaive
 N - a +2 great mace of holy wrath
Missiles
 d - 161 stones
 l - 88 poisoned darts (quivered)
 r - 12 javelins
 K - 8 curare-tipped darts
Armour
 f - a +2 pair of gloves (worn)
 s - a +2 cloak (worn)
Jewellery
 o - the ring of Light {Int+4 Stlth-, unknown}
   (You found it on level 1 of the Lair of Beasts)

   [ring of attention]

   It affects your intelligence (+4).
   It makes you less stealthy.
 p - an amulet of reflection (around neck)
 C - a ring of stealth (left hand)
 E - an uncursed ring of ice
 H - a +4 ring of slaying (right hand)
Wands
 c - a wand of paralysis (25)
 F - a wand of iceblast (19)
 L - a wand of acid (11)
 M - a wand of flame (17)
 Q - a wand of random effects (13)
Scrolls
 a - a scroll of fear
 g - 3 scrolls of fog
 h - 2 scrolls of amnesia
 j - 3 scrolls of immolation
 m - 3 scrolls of identify
 n - 5 scrolls of remove curse
 q - 4 scrolls of enchant weapon
 y - 8 scrolls of teleportation
 O - a scroll of summoning
 P - a scroll of blinking {unknown}
Potions
 b - 2 potions of brilliance
 e - a potion of flight
 i - 3 potions of heal wounds
 k - 2 potions of attraction
 u - 3 potions of lignification
 v - 5 potions of might
 w - a potion of mutation
 x - 7 potions of curing
 B - 2 potions of invisibility
 G - a potion of resistance
 J - a potion of magic


   Skills:
 + Level 10.4 Fighting
 - Level 1.2 Maces & Flails
 + Level 8.4 Polearms
 - Level 1.7 Dodging
 - Level 1.7 Stealth
 + Level 11.1 Spellcasting
 + Level 5.1 Conjurations
 - Level 8.5 Transmutations
 + Level 10.4 Earth Magic


You had 18 spell levels left.
You knew the following spells:

 Your Spells              Type           Power        Failure   Level
a - Sandblast             Erth           100%         1%          1
b - Passwall              Tmut/Erth      38%          1%          2
c - Stone Arrow           Conj/Erth      80%          1%          3
d - Petrify               Tmut/Erth      46%          1%          4
e - Lee's Rapid Deconstr  Erth           25%          1%          5

Your spell library contained the following spells:

 Spells                   Type           Power        Failure   Level
 Hailstorm                Conj/Ice       20%          6%          4
 Beastly Appendage        Tmut           86%          1%          1
 Wereblood                Tmut           43%          1%          2
 Spider Form              Tmut/Pois      13%          3%          3
 Blade Hands              Tmut           21%          5%          5
 Animate Skeleton         Necr           20%          7%          1
 Pain                     Necr           40%          7%          1
 Ice Form                 Ice/Tmut       26%          12%         4
 Vampiric Draining        Necr           5%           21%         3
 Animate Dead             Necr           5%           54%         4
 Agony                    Necr           10%          88%         5


Dungeon Overview and Level Annotations

Branches:
Dungeon (10/15)            Temple (1/1) D:7            Lair (4/6) D:10
    Orc (0/2) D:9         Ossuary (visited)
  Swamp: Lair:2-4    Shoals: Lair:2-4     Snake: Lair:2-4    Spider: Lair:2-4

Altars:
Ashenzari
Cheibriados
Dithmenos
Elyvilon
Fedhas
Gozag
Hepliaklqana
Kikubaaqudgha
Makhleb
Nemelex Xobeh
Okawaru
Qazlal
Ru
Sif Muna
Trog
Uskayaw
Vehumet
Wu Jian
Xom
Yredelemnul
Zin
The Shining One

Shops:
D:4 ?

Annotations:
D:8 2 transporters


Innate Abilities, Weirdness & Mutations

You can breathe bolts of dispelling energy.
Your rich purple scales are hard. (AC +8)
You cannot fit into any form of body armour.
You are cold-blooded and may be slowed by cold attacks.


Message History

The seven-headed hydra bites you.
* * * LOW HITPOINT WARNING * * *
The seven-headed hydra bites you.
* * * LOW HITPOINT WARNING * * *
The seven-headed hydra misses you.
Unknown command.
Casting: Sandblast (safe; 1% risk of failure)
Confirm with . or Enter, or press ? or * to list all spells.
Aiming: Sandblast (safe; 1% risk of failure)
Press: ? - help, Shift-Dir - straight line The blast of sand hits the seven-headed hydra!
The seven-headed hydra is severely wounded.
d - 161 stones The seven-headed hydra closely misses you.
The seven-headed hydra bites you but does no damage.
The seven-headed hydra barely misses you.
The seven-headed hydra bites you.
* * * LOW HITPOINT WARNING * * *
The seven-headed hydra bites you!
You die...

#...# #.#.'#§§§ ##..#
.......§§§ #.### ........≈§
###+†P# ........$.§
#.....## .......
#######.....# ### ##......<
.#PP.##....P###[###........
.)....'....+....##††.......
####..#...<.##.>@Dn#.......
####....#######.+.......
##.### ###....... ###
#..#.## ### #


You could see a seven-headed hydra and a bog body.

Vanquished Creatures
  Rupert (Lair:4)
  Erolcha (D:10)
  3 hydras
  A catoblepas (Lair:4)
  Sonja (D:10)
  A bog body (Lair:3)
  Pikel (D:9)
  An oklob plant (D:10)
  3 cane toads
  A rime drake (Lair:3)
  5 komodo dragons
  2 trolls
  A polar bear (Lair:3)
  Prince Ribbit (D:5)
  9 blink frogs (Lair:4)
  Sigmund (D:6)
  16 yaks
  Grum (D:10)
  3 wyverns
  A steam dragon (D:7)
  Menkaure (Ossuary)
  A warg (D:9)
  A soldier ant (D:10)
  4 water moccasins
  2 sky beasts
  6 orc warriors
  2 black bears
  3 phantoms
  2 ice beasts
  2 necrophages (D:9)
  5 ogres
  8 wolves
  6 centaurs
  2 big kobolds
  10 bullfrogs
  A water moccasin zombie (D:6)
  2 scorpions
  8 killer bees (D:10)
  7 wights
  2 howler monkeys
  An electric eel (Lair:4)
  2 quasits
  A jelly (D:10)
  6 hounds
  6 orc priests
  A bullfrog skeleton (D:7)
  13 orc wizards
  Crazy Yiuf (D:3)
  An iguana (D:9)
  11 worker ants
  A hound zombie (D:9)
  3 mummies (Ossuary)
  A worker ant zombie (D:9)
  Robin (D:2)
  4 gnolls (D:6)
  15 adders
  A howler monkey skeleton (D:9)
  A river rat (D:6)
  2 shadow imps
  2 white imps
  5 ufetubi
  An ooze (D:3)
  10 worms
  An adder skeleton (D:7)
  2 adder zombies (D:8)
  4 dart slugs
  6 leopard geckos
  28 orcs
  11 bats
  4 giant cockroaches
  3 gnoll zombies (Ossuary)
  12 hobgoblins
  13 jackals
  5 quokkas
  A ball python (D:3)
  5 frilled lizards
  5 gnoll skeletons (Ossuary)
  13 goblins
  5 goblin skeletons (Ossuary)
  4 goblin zombies (Ossuary)
  4 hobgoblin skeletons (Ossuary)
  7 hobgoblin zombies (Ossuary)
  19 kobolds
  5 kobold skeletons (Ossuary)
  2 kobold zombies (Ossuary)
  3 orc skeletons (Ossuary)
  3 orc zombies (Ossuary)
  11 rats
  3 rat skeletons (Ossuary)
  5 rat zombies (Ossuary)
403 creatures vanquished.

Vanquished Creatures (others)
  2 wights (D:8)
  A kobold zombie (Ossuary)
  31 fungi
  51 plants
85 creatures vanquished.

Grand Total: 488 creatures vanquished

Notes
Turn   | Place    | Note
-------+----------+-------------------------------------------
     0 | D:1      | tsouns the Draconian Earth Elementalist began the quest for
                  | the Orb.
     0 | D:1      | Reached XP level 1. HP: 14/14 MP: 3/3
   177 | D:1      | Reached XP level 2. HP: 20/20 MP: 0/5
   590 | D:1      | Reached XP level 3. HP: 26/26 MP: 3/6
  1255 | D:2      | Learned a level 2 spell: Passwall
  1259 | D:2      | Learned a level 3 spell: Stone Arrow
  1356 | D:2      | Noticed Robin
  1364 | D:2      | Killed Robin
  1390 | D:2      | Reached XP level 4. HP: 28/33 MP: 1/8
  1720 | D:2      | Reached skill level 3 in Spellcasting
  2286 | D:3      | Found a blossoming altar of Fedhas.
  2332 | D:3      | Reached XP level 5. HP: 38/38 MP: 7/9
  2382 | D:3      | Learned a level 4 spell: Petrify
  2962 | D:3      | Found a runed translucent door.
  2963 | D:3      | Noticed Crazy Yiuf
  3209 | D:3      | Killed Crazy Yiuf
  3210 | D:3      | Reached skill level 1 in Fighting
  3210 | D:3      | Reached skill level 1 in Maces & Flails
  3659 | D:4      | Reached XP level 6. HP: 22/47 MP: 11/11
  3907 | D:4      | Reached skill level 1 in Polearms
  3939 | D:4      | Found Esan's Magic Scroll Emporium.
  3947 | D:4      | Bought 2 scrolls of identify for 52 gold pieces
  3947 | D:4      | Bought a scroll of enchant armour for 97 gold pieces
  3947 | D:4      | Bought a scroll of fog for 26 gold pieces
  4107 | D:4      | Your scales start taking on a rich purple colour.
  4107 | D:4      | Reached skill level 4 in Spellcasting
  4107 | D:4      | Reached XP level 7. HP: 48/56 MP: 14/14
  4343 | D:4      | Reached skill level 5 in Spellcasting
  4383 | D:4      | Learned a level 5 spell: Lee's Rapid Deconstruction
  4415 | D:4      | Reached skill level 5 in Earth Magic
  4778 | D:5      | Entered Level 5 of the Dungeon
  4837 | D:5      | Noticed Prince Ribbit
  4936 | D:5      | Found a sand-covered staircase.
  5015 | Ossuary  | Entered an ossuary
  5547 | Ossuary  | Reached XP level 8. HP: 63/63 MP: 11/16
  5555 | Ossuary  | Noticed Menkaure
  5562 | Ossuary  | Killed Menkaure
  6448 | D:5      | Killed Prince Ribbit
  6449 | D:5      | Reached skill level 6 in Spellcasting
  6449 | D:5      | Reached skill level 5 in Transmutations
  7251 | D:6      | Reached skill level 5 in Fighting
  7316 | D:6      | Reached XP level 9. HP: 72/74 MP: 13/18
  7591 | D:6      | Found a bloodstained altar of Trog.
  7594 | D:6      | Noticed Sigmund
  7597 | D:6      | Killed Sigmund
  7839 | D:6      | Reached skill level 7 in Spellcasting
  8605 | D:7      | Got an encrusted rapier
  8606 | D:7      | Identified the +6 rapier of Darkness {venom, rPois} (You
                  | found it on level 7 of the Dungeon)
  8920 | D:7      | Found a staircase to the Ecumenical Temple.
  8931 | Temple   | Entered the Ecumenical Temple
  9361 | Temple   | Became a worshipper of Vehumet
 10230 | D:8      | Found a transporter.
 10234 | D:8      | Found a transporter.
 10278 | D:8      | Reached * piety under Vehumet
 10278 | D:8      | Offered knowledge of Foxfire by Vehumet.
 10305 | D:8      | Got a vibrating diamond amulet
 10378 | D:8      | Identified the amulet of Monotheism {Acrobat +Blink rElec
                  | rC+ MP-9} (You found it on level 8 of the Dungeon)
 10531 | D:9      | Found a shadowy altar of Dithmenos.
 10569 | D:9      | Reached XP level 10. HP: 84/84 MP: 21/21
 10580 | D:9      | Reached skill level 8 in Spellcasting
 10612 | D:9      | Found a hazy altar of Hepliaklqana.
 10624 | D:9      | Found a shimmering blue altar of Sif Muna.
 11030 | D:9      | Found a staircase to the Orcish Mines.
 11051 | D:9      | Noticed Pikel
 11067 | D:9      | Killed Pikel
 11126 | D:9      | Offered knowledge of Magic Dart by Vehumet.
 11130 | D:9      | Reached ** piety under Vehumet
 11951 | D:9      | Reached skill level 5 in Polearms
 12096 | D:10     | Entered Level 10 of the Dungeon
 12126 | D:10     | Noticed Grum
 12129 | D:10     | Killed Grum
 12460 | D:10     | Reached skill level 9 in Spellcasting
 12578 | D:10     | Noticed Erolcha
 12591 | D:10     | Killed Erolcha
 12718 | D:10     | Reached XP level 11. HP: 92/94 MP: 24/24
 12727 | D:10     | Offered knowledge of Dazzling Flash by Vehumet.
 12744 | D:10     | Noticed Sonja
 12751 | D:10     | Killed Sonja
 13144 | D:10     | Found a staircase to the Lair.
 13146 | D:10     | Noticed an oklob plant
 13166 | D:10     | Killed an oklob plant
 13419 | D:10     | Reached *** piety under Vehumet
 13613 | Lair:1   | Entered Level 1 of the Lair of Beasts
 14272 | Lair:1   | Got a steaming granite ring
 14831 | Lair:2   | Offered knowledge of Frozen Ramparts by Vehumet.
 14832 | Lair:2   | Reached skill level 1 in Conjurations
 15402 | Lair:2   | Reached skill level 10 in Spellcasting
 15757 | Lair:2   | You fall into a shaft and drop 2 floors!
 15758 | Lair:4   | Noticed a six-headed hydra
 15793 | Lair:4   | Killed a six-headed hydra
 15826 | Lair:4   | Noticed a catoblepas
 15869 | Lair:4   | Killed a catoblepas
 16343 | Lair:4   | Noticed Rupert
 16359 | Lair:4   | Paralysed by Rupert for 4 turns
 16368 | Lair:4   | Killed Rupert
 16369 | Lair:4   | Reached XP level 12. HP: 75/106 MP: 8/26
 16422 | Lair:3   | Noticed a seven-headed hydra
 16437 | Lair:4   | Noticed a seven-headed hydra
 16455 | Lair:4   | HP: 2/106 [seven-headed hydra (16)]
 16461 | Lair:4   | HP: 2/106 [poisoned by a cane toad]
 16476 | Lair:4   | Reached skill level 10 in Earth Magic
 16822 | Lair:4   | Reached skill level 10 in Fighting
 16826 | Lair:4   | Reached **** piety under Vehumet
 17448 | Lair:4   | Killed a seven-headed hydra
 17506 | Lair:3   | Noticed a four-headed hydra
 17513 | Lair:3   | Killed a four-headed hydra
 17514 | Lair:3   | Reached skill level 11 in Spellcasting
 17693 | Lair:3   | Offered knowledge of Hailstorm by Vehumet.
 17695 | Lair:3   | Reached skill level 5 in Conjurations
 17711 | Lair:3   | Slain by a seven-headed hydra

Illustrated notes

Levels and vault maps discovered:
D:1:      ebering_trefoil_twist, layout_basic
D:2:      layout_rooms, uniq_robin
D:3:      layout_basic, fedhas_altar_2, uniq_crazy_yiuf_cottage
D:4:      black_bear_nest_1, layout_gridville, serial_shops,
          nicolae_shop_statue_plus
D:5:      layout_gridville, nicolae_ossuary_entry_false_entrances,
          kennysheep_small_circle, uniq_prince_ribbit1
D:6:      layout_loops_ring, lightli_sewer_entry_pipes, serial_aquarium,
          aquarium_bridge_square [aquarium_subvault_wall,
          aquarium_subvault_bridge, aquarium_subvault_window,
          aquarium_subvault_bridge], aquarium_window_corridor_3,
          aquarium_window_2, aquarium_window_2, aquarium_window_2,
          aquarium_view_2d, aquarium_view_2d, aquarium_pool_side,
          serial_park_tiny_1, trog_three_pillars_becter, uniq_sigmund
D:7:      layout_rooms, minmay_temple_entry_nine_rooms
D:8:      gammafunk_steamed_eel, layout_rooms, lemuel_flamethrower_1
D:9:      minmay_four_partial_circles, layout_long_grid,
          amethyst_overflow_temple_binary, nicolae_overflow_crystal_walls,
          david_orc_3, uniq_pikel
D:10:     layout_rooms, dpeg_oklobed_lair, uniq_sonja, uniq_grum, uniq_erolcha
Temple:   hc_temple_tempest_star
Lair:1:   layout_cave_pods, nicolae_volcano_entry_hallway, grunt_megastairs_4
Lair:2:   cheibrodos_lair_overgrown_chateau, layout_concentric_octagons
Lair:3:   layout_roguey, skrybe_swamp_entry_bodies,
          minmay_snake_entry_guardpost_small, lemuel_fruit_fields, uniq_urug
Lair:4:   layout_layer_cave, infiniplex_staircase_pool, serial_bayou_shore_b,
          uniq_rupert

Skill      XL: |  1  2  3  4  5  6  7  8  9 10 11 12 |
---------------+-------------------------------------+-----
Transmutations | 2 3 4 5 6 8 |  8.5
Spellcasting   | 3 4 5 6 7 9 10 11 | 11.1
Earth Magic    | 4 5 6 7 8 9 10 | 10.4
Fighting       | 1 2 3 5 6 8 9 10 | 10.4
Maces & Flails | 1 |  1.2
Polearms       | 1 2 4 5 7 8 |  8.4
Conjurations   | 3 5 |  5.1
Dodging        | |  1.7
Stealth        | |  1.7

Action                   |  1- 3 |  4- 6 |  7- 9 | 10-12 || total
-------------------------+-------+-------+-------+-------++-------
Melee: Short sword       |    23 |    28 |       |       ||    51
       Tailslap          |     2 |    14 |    27 |    53 ||    96
       Spear             |       |    40 |   322 |   490 ||   852
       Mace              |       |    19 |       |       ||    19
       Rapier            |       |       |    33 |       ||    33
Throw: Dart              |       |    16 |    13 |     7 ||    36
       Javelin           |       |     3 |       |       ||     3
 Cast: Sandblast         |    60 |    57 |   159 |    46 ||   322
       Lee's Rapid Decon |       |       |     9 |    73 ||    82
       Stone Arrow       |       |       |     3 |    17 ||    20
       Petrify           |       |       |       |    26 ||    26
 Abil: Breathe Dispellin |       |       |     3 |       ||     3
Evoke: Wand              |       |       |       |    10 ||    10
  Use: Potion            |       |     1 |     2 |     5 ||     8
       Scroll            |       |     8 |    15 |     2 ||    25
 Stab: Sleeping          |       |     4 |     5 |     1 ||    10
       Distracted        |       |       |     2 |     3 ||     5
       Petrified         |       |       |       |   103 ||   103
       Petrifying        |       |       |       |     2 ||     2
Armor: Skin              |    14 |    36 |   133 |    94 ||   277
Dodge: Dodged            |    20 |    86 |   201 |   192 ||   499
Block: Other             |       |       |       |    60 ||    60
       Reflection        |       |       |       |     6 ||     6
